Map: Echo LE (Void)

Players

FYOH

  • Race: Protoss Protoss

Shamanas - Winner!

  • Race: Terran Terran

VOD

Have the link to the VOD?

Description

Time

  • Played on: May 1, 2015, 2:32 a.m.
  • Length: 13:56
Show
View Real Time Build Order
Export as new Build Order

FYOH Protoss 

Build Orders: Oracle Opening, Oracle Opening, Colossus Rush 

Get SALT Encoding   

  12  0:01  Probe  
  13  0:14  Pylon  
  13  0:17  Probe  
  14  0:32  Probe (Chrono Boost)  
  14  0:35  Gateway  
  15  0:40  Assimilator  
  15  0:44  Probe (Chrono Boost)  
  16  0:53  Probe (Chrono Boost)  
  17  1:01  Probe  
  18  1:13  Probe  
  19  1:24  Cybernetics Core  
  19  1:25  Probe  
  20  1:26  Assimilator  
  20  1:27  Pylon  
  20  1:37  Probe  
  21  1:49  Probe  
  22  2:01  Probe  
  22  2:03  Stargate  
  22  2:05  Pylon  
  23  2:15  Mothership Core (Chrono Boost)  
  25  2:27  Nexus  
  25  2:29  Probe (Chrono Boost)  
  25  2:46  Oracle (Chrono Boost)  
  29  2:58  Probe  
  29  3:08  Warp Gate (Chrono Boost)  
  29  3:18  Probe  
  30  3:20  Oracle  
  30  3:23  Pylon  
  33  3:30  Probe  
  33  3:41  Robotics Facility  
  33  3:42  Probe  
  33  3:46  Pylon  
  34  3:55  Probe  
  35  4:02  Probe, Forge  
  36  4:07  Probe  
  37  4:14  Probe  
  38  4:19  Probe  
  39  4:26  Probe  
  39  4:31  Probe  
  41  4:36  Immortal  
  45  4:38  Probe  
  45  4:41  Robotics Bay  
  45  4:43  Probe  
  47  4:50  Probe  
  41  5:05  Probe x2  
  41  5:22  Immortal (Chrono Boost)  
  41  5:26  Mothership Core (Chrono Boost)  
  41  5:27  Probe (Chrono Boost)  
  48  5:46  Pylon  
  48  5:50  Gateway, Pylon  
  48  5:52  Colossus  
  48  5:55  Gateway  
  48  5:57  Gateway  
  54  6:30  Extended Thermal Lance (Chrono Boost)  
  54  6:35  Probe x2  
  54  6:38  Pylon  
  56  6:40  Pylon  
  56  6:42  Assimilator  
  56  6:44  Assimilator  
  56  6:53  Probe x2  
  50  7:15  Nexus  
  50  7:18  Colossus (Chrono Boost)  
  50  7:19  Assimilator  
  50  7:21  Assimilator  
  55  7:24  Zealot x4  
  63  7:31  Twilight Council  
  63  7:39  Probe  
  63  7:40  Probe  
  65  7:52  Probe (Chrono Boost)  
  65  7:55  Probe (Chrono Boost)  
  67  8:00  Zealot x3  
  67  8:01  Zealot  
  67  8:03  Probe (Chrono Boost)  
  67  8:05  Colossus (Chrono Boost)  
  83  8:07  Probe (Chrono Boost)  
  83  8:10  Probe (Chrono Boost), Charge (Chrono Boost)  
  84  8:16  Probe  
  85  8:24  Phoenix (Chrono Boost)  
  88  8:27  Probe  
  88  8:28  Probe  
  88  8:30  Zealot x3  
  88  8:34  Pylon  
  95  8:36  Pylon  
  95  8:40  Probe  
  96  8:51  Colossus  
  102  8:56  Zealot x3  
  102  8:57  Zealot  
  110  9:17  Zealot x2  
  110  9:18  Zealot x2  
  116  9:26  Pylon  
  116  9:52  Templar Archives  
  116  9:55  Stargate  
  116  10:01  Immortal (Chrono Boost)  
  117  10:17  Robotics Facility  
  117  10:21  Psionic Storm  
  117  10:34  High Templar x2  
  117  10:35  Immortal (Chrono Boost)  
  125  10:48  Phoenix (Chrono Boost)  
  129  10:50  Phoenix (Chrono Boost)  
  129  10:55  Probe  
  130  11:04  Pylon  
  130  11:08  Pylon x2  
  130  11:13  Probe  
  130  11:22  Probe, Phoenix, Immortal (Chrono Boost)  
  130  11:25  Probe  
  138  11:26  Probe  
  139  11:33  Immortal (Chrono Boost)  
  139  11:34  Probe  
  139  11:37  Probe  
  139  11:39  Probe  
  146  11:55  Immortal  
  146  12:06  Phoenix  
  146  12:08  Immortal (Chrono Boost)  
  78  12:33  Stalker  
  78  12:34  Stalker x2  
  88  12:39  Observer (Chrono Boost)  
  89  12:51  Immortal (Chrono Boost)  
  89  12:53  High Templar  
  89  12:58  Immortal (Chrono Boost)  
  95  13:03  Zealot x2  
  95  13:04  Zealot  
  66  13:29  Zealot x3  
  78  13:39  Probe  
  78  13:40  Probe  
Show
View Real Time Build Order
Export as new Build Order

Shamanas Terran - Winner!

Build Orders: Reaper Expand 

Get SALT Encoding   

  12  0:01  SCV  
  13  0:13  SCV  
  14  0:17  Supply Depot  
  14  0:25  SCV  
  15  0:39  SCV  
  15  0:42  Barracks  
  16  0:51  SCV  
  16  0:52  Refinery  
  17  1:03  SCV  
  18  1:07  Supply Depot  
  18  1:15  SCV  
  19  1:28  Orbital Command  
  19  1:35  Reaper  
  20  1:49  Command Center  
  20  1:54  SCV  
  20  2:00  Refinery  
  21  2:06  SCV, Marine  
  23  2:18  SCV  
  23  2:20  Supply Depot  
  24  2:29  Barracks Reactor, Factory  
  24  2:32  SCV  
  25  2:45  SCV  
  26  2:57  SCV  
  26  3:02  Bunker  
  26  3:03  Missile Turret  
  26  3:04  Orbital Command  
  26  3:08  Marine x2  
  26  3:10  SCV  
  29  3:14  Missile Turret  
  29  3:18  Factory Tech Lab  
  29  3:23  Bunker  
  29  3:24  SCV  
  29  3:26  Marine x2  
  32  3:35  SCV  
  32  3:36  SCV  
  32  3:39  Cyclone  
  37  3:44  Reaper, Marine  
  37  3:47  SCV  
  40  3:49  SCV  
  40  3:55  Missile Turret  
  40  3:59  SCV  
  40  4:01  SCV  
  42  4:11  Cyclone  
  42  4:12  SCV, Factory  
  42  4:13  SCV  
  47  4:24  SCV  
  48  4:25  SCV  
  49  4:31  Marine x2  
  49  4:36  SCV  
  49  4:37  SCV  
  52  4:40  Command Center  
  50  4:50  SCV  
  50  4:51  SCV  
  51  5:01  Marine x2  
  51  5:02  Factory Reactor  
  51  5:04  SCV x2  
  51  5:06  Starport  
  54  5:12  Refinery  
  54  5:13  Refinery  
  52  5:19  Missile Turret  
  51  5:22  SCV x2  
  51  5:23  Marine x2  
  52  5:38  Armory  
  52  5:39  Armory  
  52  5:42  Supply Depot x2, Hellion  
  54  5:44  Supply Depot  
  54  6:03  Cyclone, Hellion  
  59  6:07  Starport, Starport Tech Lab  
  59  6:13  SCV  
  59  6:15  SCV  
  57  6:27  SCV x2  
  57  6:28  Terran Vehicle and Ship Weapons Level 1  
  57  6:29  Terran Vehicle And Ship Armor Level 1  
  57  6:31  Hellion x2, Missile Turret  
  63  6:37  Fusion Core  
  63  6:39  Missile Turret  
  63  6:40  Viking  
  63  6:41  SCV  
  66  6:55  Orbital Command  
  66  6:56  SCV x2, Engineering Bay  
  66  6:58  Hellion x2, Siege Tank  
  73  7:10  SCV x2  
  75  7:21  SCV  
  77  7:22  SCV  
  77  7:23  SCV  
  77  7:29  Supply Depot x2  
  78  7:30  Supply Depot  
  78  7:31  Viking x2  
  78  7:32  Refinery  
  78  7:33  Banshee, Cloaking Field  
  78  7:36  Unknown  
  84  7:46  Hellion  
  84  7:47  Hellion, Siege Tank  
  84  7:49  SCV x2  
  84  7:50  SCV  
  93  8:01  SCV  
  93  8:02  SCV x2  
  93  8:03  Viking x2  
  100  8:08  Missile Turret  
  100  8:10  Missile Turret  
  100  8:17  SCV  
  100  8:18  SCV x2  
  103  8:25  Command Center  
  103  8:26  Refinery, Missile Turret  
  103  8:28  Command Center  
  103  8:29  Terran Vehicle And Ship Armor Level 2, Terran Vehicle and Ship Weapons Level 2  
  103  8:31  Command Center  
  103  8:46  Viking x2, Siege Tank, Hellbat x2  
  114  8:48  Refinery  
  114  9:06  Factory  
  114  9:07  Factory  
  114  9:14  Refinery  
  114  9:24  Raven  
  116  9:36  Viking x2  
  116  9:37  Supply Depot  
  116  9:38  Supply Depot  
  120  9:42  Planetary Fortress  
  120  9:43  Orbital Command  
  120  9:44  Planetary Fortress, Missile Turret  
  120  9:47  Missile Turret  
  120  9:48  SCV x3  
  120  9:50  Hellbat x2  
  127  9:56  Barracks  
  127  9:57  Barracks  
  127  9:58  Ghost Academy, Barracks  
  127  10:00  SCV  
  128  10:07  Refinery  
  128  10:08  Refinery  
  128  10:17  Factory Tech Lab, Factory Reactor  
  128  10:22  Barracks  
  128  10:25  Siege Tank, Hellbat x2  
  135  10:31  Refinery  
  135  10:43  SCV  
  135  10:44  SCV x5  
  141  10:51  Barracks Tech Lab x2, Hellbat x2  
  141  10:52  Viking  
  141  10:53  Banshee, Viking  
  141  10:56  Terran Vehicle And Ship Armor Level 3, Terran Vehicle and Ship Weapons Level 3  
  152  10:59  Thor  
  152  11:02  Thor  
  152  11:03  Hellbat x2  
  168  11:13  Refinery  
  168  11:18  Barracks Tech Lab, Infernal Pre-Igniter  
  168  11:23  SCV x3  
  171  11:27  SCV x3  
  176  11:33  Hellbat x2  
  176  11:37  Supply Depot  
  178  11:40  Supply Depot  
  178  11:56  Ghost  
  178  11:59  Viking x2, Hellbat x2  
  178  12:00  Hyperflight Rotors  
  185  12:06  Starport x3  
  185  12:09  Starport  
  176  12:17  Banshee  
  176  12:22  Hellbat x3  
  170  12:23  Cyclone x2  
  167  12:36  Ghost x2  
  171  12:38  Viking x2  
  175  12:50  Hellbat x3  
  175  12:51  Starport Tech Lab x2  
  181  13:01  Barracks Tech Lab  
  181  13:02  Starport Tech Lab x2  
  181  13:18  Ghost x2  
  181  13:20  Siege Tank, Hellbat x3  
  194  13:30  Supply Depot x2  
  194  13:32  Supply Depot  
  194  13:34  Supply Depot  
  194  13:35  Supply Depot  
  194  13:39  Supply Depot  
  194  13:54  Supply Depot  
  199  13:55  Supply Depot  
  199  13:56  Supply Depot  
Tags
 
Add a new tag
Caveats
  • Supply blocks, unpowered buildings, or Contaminate may cause inaccurate times.
  • Supply counts are checked every 10 seconds.